 Dungeon Crawl Stone Soup version 0.31-a0-1616-gbeaec30b81 (webtiles) character file.

Game seed: 11915375478061333729

156 MisterAzrael the Shield-Bearer (level 5, 0/43 HPs)
             Began as a Formicid Fighter on Jan 11, 2024.
             Slain by an ogre
             ... wielding a +0 giant spiked club
              (18 damage)
             ... on level 4 of the Dungeon.
             The game lasted 00:02:29 (2644 turns).

MisterAzrael the Shield-Bearer (Formicid Fighter)   Turns: 2644, Time: 00:02:29

Health: 0/43       AC:  7    Str: 22    XL:     5   Next: 65%
Magic:  5/5        EV:  9    Int:  8    God:
Gold:   39         SH:  5    Dex: 13    Spells: 4/4 levels left

rFire   . . .        a - +1 flail
rCold   . . .        n - +0 buckler {rPois}
rNeg    . . .        b - +0 scale mail
rPois   +            (helmet unavailable)
rElec   .            (no cloak)
rCorr   .            (no gloves)
SInv    +            (no boots)
Will    .....        (no amulet) Stlth
                     (no ring)
HPRegen 0.27/turn    (no ring)
MPRegen 0.09/turn

%: no passive effects
@: no status effects
A: permanent stasis, dig shafts and tunnels, antennae 3, four strong arms
a: Dig, Shaft Self


You were on level 4 of the Dungeon.
You visited 1 branch of the dungeon, and saw 4 of its levels.

You collected 149 gold pieces.
You spent 110 gold pieces at shops.

Inventory:

Hand Weapons
 a - a +1 flail (weapon)
Armour
 b - a +0 scale mail (worn)
 c - a +0 buckler
 n - a +0 buckler of poison resistance (worn)
Jewellery
 e - a ring of wizardry
Scrolls
 j - a scroll of teleportation {unknown}
 k - a scroll of fog {unknown}
 m - a scroll of identify {unknown}
Potions
 d - 2 potions of might
 f - 2 potions of brilliance {unknown}
 g - a potion of degeneration {unknown}
 h - a potion of heal wounds {unknown}
 i - a potion of haste {unknown}
 l - a potion of attraction {unknown}
 o - 2 potions of curing {unknown}


   Skills:
 * Level 4.6 Fighting
 + Level 3.0 Maces & Flails
 + Level 4.1 Armour
 + Level 5.0 Shields


You had 4 spell levels left.
You didn't know any spells.
Your spell library contained the following spells:

 Spells                   Type           Power      Damage    Failure   Level
 Freeze                   Ice            0%         1d3       80%         1
 Necrotise                Necr           0%         1d4       80%         1
 Frozen Ramparts          Ice            0%         1d1       99%         3
 Hailstorm                Conj/Ice       0%         3d5       99%         3
 Vampiric Draining        Necr           0%         2d6       99%         3
 Leda's Liquefaction      Alch/Erth      0%         N/A       100%        4
 Martyr's Knell           Necr/Summ      0%         N/A       100%        4
 Petrify                  Alch/Erth      0%         N/A       100%        4
 Curse of Agony           Necr           0%         N/A       100%        5
 Metabolic Englaciation   Hex/Ice        0%         N/A       100%        5


Dungeon Overview and Level Annotations

Branches:
Dungeon (4/15)
 Temple: D:4-7

Altars:
Trog

Shops:
D:3 [


Innate Abilities, Weirdness & Mutations

You cannot be hasted, slowed, berserked, paralysed or teleported.
You can dig through walls and to a lower floor.
You have a pair of large antennae on your head. (SInv)
Your four strong arms can wield two-handed weapons with a shield.


Message History

There are monsters nearby!
You sock the quokka!
You kill the quokka!
You closely miss the quokka. You block the quokka's attack.
The quokka bites you.
You closely miss the quokka. The quokka barely misses you.
You sock the quokka!
You kill the quokka!
You hit the rat.
You kill the rat!
No target in view!
No target in view!
Done exploring.
Done exploring.
Done exploring.
No target in view!
No target in view!
What level of the Dungeon? (default 3, ? - help)
There is an open door here.
There is an open door here.
You see here a +0 flail.
You see here a +0 club.
You see here a +0 club.
There is a stone staircase leading down here.
You climb downwards.
The black bear growls angrily.
There is a stone staircase leading up here.
There are monsters nearby!
There are monsters nearby!
You block the ogre's attack.
You hit the ogre.
The ogre is lightly wounded.
You sock the ogre!
The ogre is heavily wounded.
The ogre hits you with a +0 giant spiked club!!
Ouch! That really hurt!
You block the black bear's attack. x2; The black bear claws you.
There is a stone staircase leading up here.
The ogre hits you with a +0 giant spiked club!!
You die...

###########
.......@..#
###....Oh.###.#
..............#
###............
#.......####.
#.......#
#.......#
#########


You could see a black bear and an ogre.

Vanquished Creatures
  A scorpion (D:3)
  A bombardier beetle (D:3)
  An adder (D:3)
  A dart slug (D:2)
  A ribbon worm (D:2)
  An orc (D:3)
  4 ball pythons
  5 endoplasms
  3 giant cockroaches (D:3)
  8 goblins
  6 hobgoblins
  3 kobolds
  4 quokkas
  5 bats
  8 rats
52 creatures vanquished.

Notes
Turn   | Place    | Note
-------+----------+-------------------------------------------
     0 | D:1      | MisterAzrael the Formicid Fighter began the quest for the
                  | Orb.
     0 | D:1      | Reached XP level 1. HP: 18/18 MP: 1/1
   198 | D:1      | Reached XP level 2. HP: 23/24 MP: 2/2
   884 | D:2      | Reached XP level 3. HP: 9/29 MP: 3/3
  1574 | D:3      | Reached XP level 4. HP: 28/37 MP: 4/4
  2029 | D:3      | Noticed a scorpion
  2042 | D:3      | Killed a scorpion
  2043 | D:3      | Reached skill level 5 in Shields
  2043 | D:3      | Reached XP level 5. HP: 43/43 MP: 5/5
  2308 | D:3      | Found Zycaetep's Armour Shoppe.
  2316 | D:3      | Bought a +0 buckler of poison resistance for 110 gold
                  | pieces
  2554 | D:3      | Found a bloodstained altar of Trog.
  2637 | D:4      | Noticed an ogre
  2637 | D:4      | Noticed a black bear
  2644 | D:4      | Slain by an ogre

Illustrated notes

Levels and vault maps discovered:
D:1:      psy_arrival_radial01, layout_loops_cross
D:2:      layout_loops_ring, grunt_ministairs_9, serial_bayou_pond_a,
          chequers_garden
D:3:      layout_basic, trog_butcher_becter, serial_shops, shop
D:4:      layout_loops_ring, lemuel_crystal_altar, kennysheep_cross_room

Skill      XL: |  1  2  3  4 |
---------------+-------------+-----
Fighting       | 4 |  4.6
Maces & Flails | 3 |  3.0
Armour         | 4 |  4.1
Shields        | 5 |  5.0

Action                     |  1- 3 |  4- 6 || total
---------------------------+-------+-------++-------
  Melee: Flail             |   116 |    43 ||   159
    Use: Scroll            |     5 |       ||     5
 Armour: Scale mail        |    94 |    28 ||   122
  Dodge: Dodged            |    58 |    15 ||    73
  Block: Buckler           |    39 |     8 ||    47

Table legend: (Time is in decaauts)
 A = Elapsed time spent in this place.
 B = Non-inter-level travel time spent in this place.
 C = Inter-level travel time spent in this place.
 D = Time resting spent in this place.
 E = Time spent auto-exploring this place.
 F = Levels seen in this place.
 G = Mean time per level.
                   A        B        C        D        E       F      G
               +--------+--------+--------+--------+--------+-----+--------+
         Total |   2694 |   2597 |     97 |    529 |   1622 |   4 |  673.5 |
       Dungeon |   2694 |   2597 |     97 |    529 |   1622 |   4 |  673.5 |
               +--------+--------+--------+--------+--------+-----+--------+

Top non-repeatable levels by time:
     D:3: 1104 daAuts
     D:1: 793 daAuts
     D:2: 790 daAuts
     D:4: 7 daAuts
